 Dungeon Crawl Stone Soup version 0.30-a0-1160-g6e42c06551 (webtiles) character file.

Game seed: 18117876254751622026

15367 hwolsky the Cleaver (level 12, -7/110 HPs)
             Began as a Minotaur Fighter on Apr 26, 2023.
             Was an Elder of Okawaru.
             Hit by a large rock thrown by a cyclops (17 damage)
             ... on level 11 of the Dungeon.
             The game lasted 00:29:26 (11754 turns).

hwolsky the Cleaver (Minotaur Fighter)             Turns: 11754, Time: 00:29:27

Health: -7/110     AC: 21    Str: 23    XL:     12   Next: 0%
Magic:  11/12      EV:  6    Int:  9    God:    Okawaru [****..]
Gold:   700        SH: 11    Dex: 11    Spells: 11/11 levels left

rFire   x . .        k - +5 war axe (vamp)
rCold   + . .        E - +0 kite shield
rNeg    . . .        b - +1 plate armour {rPois}
rPois   +            y - +2 hat {SInv}
rElec   .            o - +0 cloak
rCorr   .            (no gloves)
SInv    +            e - +0 pair of boots
Will    .....        (no amulet) Stlth
                     m - ring of poison resistance
HPRegen 0.38/turn    F - ring of ice
MPRegen 0.13/turn

%: no passive effects
@: about to teleport
A: horns 2, retaliatory headbutt, clever 1
a: Renounce Religion, Heroism, Finesse


You were on level 11 of the Dungeon.
You worshipped Okawaru.
Okawaru was greatly pleased with you.
You visited 2 branches of the dungeon, and saw 12 of its levels.
You also visited: Sewer.

You collected 700 gold pieces.

Inventory:

Hand Weapons
 k - a +5 vampiric war axe (weapon)
 A - a +2 war axe of flaming
Missiles
 a - 3 curare-tipped darts
 j - 3 throwing nets
 s - 19 poisoned darts
 w - 6 javelins (quivered)
Armour
 b - a +1 plate armour of poison resistance (worn)
 e - a +0 pair of boots (worn)
 o - a +0 cloak (worn)
 y - a +2 hat of see invisible (worn)
 E - a +0 kite shield (worn)
Jewellery
 l - a +5 ring of evasion
 m - a ring of poison resistance (left hand)
 n - a ring of magical power
 t - a ring of flight
 D - a ring of protection from fire
 F - a ring of ice (right hand)
 G - a ring of magical power
 H - a ring of fire
Wands
 g - a wand of roots (2)
 x - a wand of charming (28)
 I - a wand of flame (14)
Scrolls
 c - a scroll of amnesia
 d - 3 scrolls of teleportation
 i - 2 scrolls of blinking
 r - a scroll of enchant weapon
 v - 3 scrolls of identify
 B - a scroll of butterflies
 C - a scroll of magic mapping
 J - a scroll of brand weapon
Potions
 f - 3 potions of invisibility
 h - 3 potions of mutation
 p - 2 potions of cancellation
 u - a potion of degeneration
 z - 4 potions of brilliance
 K - a potion of ambrosia


   Skills:
 + Level 11.1 Fighting
 * Level 14.7 Axes
 + Level 11.1 Armour
 + Level 11.1 Shields
 + Level 1.6 Invocations


You had 11 spell levels left.
You didn't know any spells.
Your spell library contained the following spells:

 Spells                   Type           Power      Damage    Failure   Level
 Kiss of Death            Conj/Necr      0%         2d5       100%        1
 Necrotise                Necr           0%         1d4       100%        1
 Sting                    Tmut/Pois      0%         1d3       100%        1
 Ensorcelled Hibernation  Hex/Ice        0%         N/A       100%        2
 Passwall                 Tmut/Erth      0%         N/A       100%        2
 Poisonous Vapours        Pois/Air       0%         N/A       100%        2
 Scorch                   Fire           0%         2d5       100%        2
 Sublimation of Blood     Necr           0%         N/A       100%        2
 Confusing Touch          Hex            0%         N/A       100%        3
 Mephitic Cloud           Conj/Pois/Air  0%         N/A       100%        3
 Spider Form              Tmut/Pois      0%         N/A       100%        3
 Swiftness                Air            0%         N/A       100%        3
 Anguish                  Hex/Necr       0%         N/A       100%        4
 Dispel Undead            Necr           0%         3d6       100%        4
 Flame Wave               Conj/Fire      0%         2d4       100%        4
 Olgreb's Toxic Radiance  Pois           0%         N/A       100%        4
 Freezing Cloud           Conj/Ice/Air   0%         6-21      100%        5
 Summon Small Mammal      Summ           Unusable   N/A       N/A         1
 Call Canine Familiar     Summ           Unusable   N/A       N/A         3
 Summon Guardian Golem    Hex/Summ       Unusable   N/A       N/A         3
 Animate Dead             Necr           Unusable   N/A       N/A         4
 Summon Cactus Giant      Summ           Unusable   N/A       N/A         6

Dungeon Overview and Level Annotations

Branches:
Dungeon (11/15)            Temple (1/1) D:7             Orc (0/2) D:10
  Sewer (visited)
   Lair: D:8-11

Altars:
Ashenzari
Cheibriados
Dithmenos
Elyvilon
Fedhas
Gozag
Hepliaklqana
Kikubaaqudgha
Makhleb
Nemelex Xobeh
Okawaru
Qazlal
Ru
Sif Muna
Trog
Uskayaw
Vehumet
Wu Jian
Xom
Yredelemnul
Zin
The Shining One

Annotations:
D:11 exclusion: 3 oklob plants


Innate Abilities, Weirdness & Mutations

You have a pair of horns on your head.
You reflexively headbutt those who attack you in melee.
Your mind is acute. (Int +4, Str/Dex -1)


Message History

You block the orc wizard's attack.
You feel much better.
The cyclops throws a large rock.
You block the large rock.
You gain the combat prowess of a mighty hero.
You block the orc's attack. The orc wizard barely misses you.
You furiously retaliate!
You headbutt the orc wizard!
You kill the orc wizard!
Okawaru accepts your kill.
You barely miss the orc. You headbutt the orc.
The orc is heavily wounded.
You slash the orc!
You kill the orc!
You barely miss the orc. You headbutt the orc.
You kill the orc!
Okawaru accepts your kill.
The orc warrior shoots a bolt.
The bolt hits you! The bolt burns you!
* * * LOW HITPOINT WARNING * * *
The orc warrior shoots a bolt.
You block the bolt.
Items here: )) / [.
Found a stone staircase leading down.
The orc warrior shoots a bolt.
You block the bolt.
You hit the cyclops but do no damage. You headbutt the cyclops!
The cyclops is heavily wounded.
The orc warrior shoots a bolt.
You block the bolt. You block the cyclops's attack.
You hit the cyclops but do no damage.
The cyclops is heavily wounded.
The orc warrior shoots a bolt.
The bolt hits you!
* * * LOW HITPOINT WARNING * * *
The bolt burns you!
* * * LOW HITPOINT WARNING * * *
Blink to where?
Press: ? - help, Q - select action, (/) - cycle Dir - move target
As you read the scroll of blinking, it crumbles to dust.
The orc warrior shoots a bolt.
The bolt hits you but does no damage.
As you read the scroll of teleportation, it crumbles to dust.
You feel strangely unstable.
You feel like a meek peon again.
The cyclops throws a large rock.
The large rock hits you!
You die...

##...####.#.#.
##.#.#.##......
##.))......#####
####.........#...≈.
##.#C..o........#...
#.C.#..........##PP.
#............#..PP P
##.##.#......#≈.P
#..@##.......#...P
##.##.....#....##P.
##. ...>.#... .. .#.
.... #. .. .. .#


You could see a cyclops.

Vanquished Creatures
  Harold (D:9)
  A two-headed ogre (D:11)
  A tengu warrior (D:8)
  The ghost of Orangeyouglad the Trooper, a novice HuWn of Zin (D:9)
  Pikel (D:4)
  2 cyclopes (D:11)
  2 spectral centaurs (D:9)
  Maurice (D:8)
  The ghost of jasper the Twirler, a novice DgWn (D:7)
  Maggie (D:6)
  Psyche (D:8)
  A tengu conjurer (D:8)
  4 kobold demonologists (D:9)
  2 unseen horrors (D:11)
  3 trolls
  A spectral meliai (D:9)
  Sigmund (D:3)
  2 wraiths
  2 shadows
  9 yaks (D:10)
  2 acid dragons
  A black bear (D:8)
  5 ice beasts
  An orc warrior (D:10)
  11 centaurs
  2 phantoms
  A lemure (D:4)
  5 kobold brigands
  2 bullfrogs
  3 gnoll sergeants
  3 scorpions
  A hornet simulacrum (D:7)
  3 wights (D:8)
  16 killer bees
  2 howler monkeys
  4 hounds
  9 orc priests
  A water moccasin simulacrum (D:7)
  Crazy Yiuf (D:6)
  A jelly (D:6)
  8 iguanas
  A spectral boggart (D:9)
  Ijyb (D:3)
  Jessica (D:2)
  Terence (D:3)
  10 orc wizards
  3 centaur simulacra
  A mummy (D:7)
  16 gnolls
  7 adders
  3 river rats (Sewer)
  A shadow imp (D:5)
  4 white imps
  2 ufetubi (D:6)
  4 worms
  4 dart slugs
  22 orcs
  2 bats
  8 endoplasms
  6 giant cockroaches
  7 goblins
  9 hobgoblins
  6 jackals
  6 quokkas
  10 ball pythons
  3 frilled lizards
  12 kobolds
  8 rats
278 creatures vanquished.

Vanquished Creatures (others)
  A human (D:7)
  A gnoll (D:11)
  5 plants (D:11)
7 creatures vanquished.

Grand Total: 285 creatures vanquished

Notes
Turn   | Place    | Note
-------+----------+-------------------------------------------
     0 | D:1      | hwolsky the Minotaur Fighter began the quest for the Orb.
     0 | D:1      | Reached XP level 1. HP: 19/19 MP: 0/0
   158 | D:1      | Reached XP level 2. HP: 27/27 MP: 1/1
   236 | D:1      | Reached skill level 3 in Axes
   454 | D:1      | Reached XP level 3. HP: 33/33 MP: 2/2
   930 | D:2      | Noticed Jessica
   934 | D:2      | Killed Jessica
   999 | D:2      | Reached XP level 4. HP: 37/40 MP: 3/3
  1149 | D:2      | Gained mutation: Your mind is acute. (Int +4, Str/Dex -1)
                  | [potion of mutation]
  1277 | D:2      | Found a faded altar of an unknown god.
  1781 | D:2      | Prayed at the altar of an unknown god.
  1781 | D:2      | Became a worshipper of Kikubaaqudgha
  1781 | D:2      | Reached * piety under Kikubaaqudgha
  1781 | D:2      | Received a gift from Kikubaaqudgha
  1797 | D:2      | Fell from the grace of Kikubaaqudgha
  2340 | D:3      | Noticed Sigmund
  2399 | D:3      | Killed Sigmund
  2400 | D:3      | Reached skill level 5 in Axes
  2400 | D:3      | Reached XP level 5. HP: 14/47 MP: 4/4
  2501 | D:3      | Reached XP level 6. HP: 43/55 MP: 5/5
  2732 | D:3      | Reached skill level 5 in Fighting
  2897 | D:3      | Reached skill level 5 in Shields
  2901 | D:3      | Found a glowing drain.
  2910 | Sewer    | Entered a sewer
  2968 | Sewer    | Reached skill level 5 in Armour
  3903 | D:3      | Noticed Ijyb
  3903 | D:3      | Noticed Terence
  3910 | D:3      | Killed Terence
  3919 | D:3      | Killed Ijyb
  3920 | D:3      | Reached skill level 6 in Axes
  4341 | D:4      | Reached XP level 7. HP: 61/61 MP: 6/6
  4614 | D:4      | Noticed Pikel
  4623 | D:4      | Killed Pikel
  4624 | D:4      | Reached skill level 7 in Axes
  4624 | D:4      | Reached XP level 8. HP: 52/70 MP: 7/7
  5052 | D:5      | Entered Level 5 of the Dungeon
  5374 | D:5      | Reached skill level 8 in Axes
  5868 | D:6      | Found a sparkling altar of Nemelex Xobeh.
  6075 | D:6      | Reached skill level 9 in Axes
  6204 | D:6      | Identified a scroll of acquirement
  6206 | D:6      | Acquired a +2 hat of see invisible
  6345 | D:6      | Reached XP level 9. HP: 65/79 MP: 8/8
  6498 | D:6      | Noticed Maggie
  6514 | D:6      | Killed Maggie
  6686 | D:6      | Found a runed translucent door.
  6687 | D:6      | Noticed Crazy Yiuf
  6692 | D:6      | Killed Crazy Yiuf
  6697 | D:6      | Identified the +1 hammer of Punishment {freeze, Will+}
  6745 | D:7      | Noticed jasper's ghost (novice DgWn)
  6757 | D:7      | You fall into a shaft and drop 2 floors!
  6759 | D:9      | Found a runed translucent gate.
  6759 | D:9      | Noticed a spectral centaur warrior
  6759 | D:9      | Noticed a two-headed ogre
  6760 | D:9      | Found a runed translucent gate.
  6761 | D:9      | Found a runed translucent gate.
  6769 | D:9      | Reached skill level 10 in Axes
  6780 | D:9      | Noticed Orangeyouglad's ghost (novice HuWn)
  6957 | D:9      | Noticed Harold
  6970 | D:9      | Killed Harold
  7066 | D:9      | Noticed a kobold demonologist
  7066 | D:9      | Noticed a kobold demonologist
  7068 | D:9      | Noticed a kobold demonologist
  7071 | D:9      | Noticed a red devil
  7075 | D:9      | Killed a kobold demonologist
  7078 | D:9      | Noticed a hellwing
  7078 | D:9      | Killed a kobold demonologist
  7079 | D:9      | Reached skill level 11 in Axes
  7084 | D:9      | Killed a kobold demonologist
  7085 | D:9      | Reached XP level 10. HP: 75/90 MP: 9/9
  7566 | D:9      | Found a shimmering blue altar of Sif Muna.
  7957 | D:9      | Noticed a spectral centaur warrior
  7972 | D:9      | Noticed a soul eater
  8125 | D:8      | Found a shadowy altar of Dithmenos.
  8142 | D:8      | Reached skill level 12 in Axes
  8149 | D:8      | Found a broken altar of Ashenzari.
  8149 | D:8      | Found a snail-covered altar of Cheibriados.
  8154 | D:8      | Found a sacrificial altar of Ru.
  8282 | D:8      | Found a glowing silver altar of Zin.
  8301 | D:8      | Noticed Psyche
  8306 | D:8      | Killed Psyche
  8333 | D:8      | Noticed a tengu warrior
  8358 | D:8      | Killed a tengu warrior
  8462 | D:8      | Noticed Maurice
  8474 | D:8      | Killed Maurice
  8894 | D:7      | Found a staircase to the Ecumenical Temple.
  8964 | D:7      | Found a runed translucent gate.
  8964 | D:7      | Found a runed translucent gate.
  8964 | D:7      | Found a runed translucent gate.
  9156 | D:7      | Found an iron altar of Okawaru.
  9234 | D:7      | Found an ancient bone altar of Kikubaaqudgha.
  9403 | D:7      | Became a worshipper of Warmaster Okawaru
  9433 | Temple   | Entered the Ecumenical Temple
  9701 | D:7      | Killed jasper's ghost
  9702 | D:7      | Reached skill level 13 in Axes
  9702 | D:7      | Reached XP level 11. HP: 91/99 MP: 10/10
  9713 | D:7      | Reached skill level 10 in Shields
  9720 | D:7      | Reached skill level 10 in Armour
  9979 | D:9      | Reached * piety under Okawaru
  9980 | D:9      | Reached skill level 10 in Fighting
  9993 | D:9      | Killed Orangeyouglad's ghost
 10243 | D:10     | Entered Level 10 of the Dungeon
 10266 | D:10     | Reached ** piety under Okawaru
 10438 | D:10     | Found a glowing golden altar of the Shining One.
 10474 | D:10     | Reached skill level 14 in Axes
 10507 | D:10     | Found a staircase to the Orcish Mines.
 10626 | D:10     | Reached *** piety under Okawaru
 10787 | D:10     | Found a hazy altar of Hepliaklqana.
 10832 | D:10     | Identified the +6 trident of a Labyrinth {heavy, Str+6}
 11623 | D:11     | Noticed a two-headed ogre
 11638 | D:11     | Reached skill level 1 in Invocations
 11644 | D:11     | Killed a two-headed ogre
 11644 | D:11     | Reached **** piety under Okawaru
 11665 | D:11     | Reached XP level 12. HP: 110/110 MP: 12/12
 11754 | D:11     | Hit by a large rock thrown by a cyclops

Illustrated notes

Levels and vault maps discovered:
D:1:      minmay_arrival_checkered_box, layout_loops_ring,
          chequers_serial_rivers_micro_e, hangedman_decor_growths
D:2:      layout_basic, hellmonk_ecumenical_altar_slurped_away,
          grunt_ministairs_1, uniq_jessica
D:3:      layout_loops_ring, portal_sewer_entry_b, uniq_sigmund, uniq_ijyb,
          uniq_terence
D:4:      layout_loops_ring, uniq_pikel
D:5:      layout_cave_pods
D:6:      layout_rooms, nemelex_altar_shiori, uniq_crazy_yiuf_cottage,
          uniq_maggie
D:7:      layout_rooms, tgw_kikubaaqudgha, mainiacjoe_overflow_catwalk,
          minmay_temple_entry_grid, gammafunk_ghost_icy,
          gup_ossuary_entry_pyramid, lemuel_flame_loot_1
D:8:      layout_gridville, zin_treasury, minitemple, kennysheep_donut,
          minmay_misc_feat_columns, uniq_psyche, uniq_maurice
D:9:      layout_long_grid, nicolae_sif_muna_little_library,
          gammafunk_ghost_necromancy, uniq_harold
D:10:     layout_small_grid, worldfamousw_hep_ancestral_shrine,
          nicolae_tso_carved_into_rock, st_stairs_1
D:11:     kennysheep_ambush_hall, layout_cross, dpeg_oklobed_lair
Temple:   minmay_temple_curvy_loop

Skill      XL: |  1  2  3  4  5  6  7  8  9 10 11 |
---------------+----------------------------------+-----
Axes           | 3 5 6 7 9 11 13 14 | 14.7
Fighting       | 4 5 6 7 8 9 11 | 11.1
Shields        | 4 5 6 7 8 9 11 | 11.1
Armour         | 4 5 6 7 8 9 11 | 11.1
Invocations    | 1 |  1.6

Action                     |  1- 3 |  4- 6 |  7- 9 | 10-12 || total
---------------------------+-------+-------+-------+-------++-------
  Melee: War axe           |    61 |   158 |   179 |   338 ||   736
         Headbutt          |    11 |    32 |    28 |    77 ||   148
  Throw: Dart              |       |       |     3 |       ||     3
 Invoke: Renounce Religion |       |     1 |       |       ||     1
         Heroism           |       |       |       |     2 ||     2
    Use: Scroll            |     7 |     5 |     6 |     7 ||    25
         Potion            |       |     9 |     6 |     3 ||    18
 Armour: Scale mail        |    26 |    54 |       |       ||    80
         Chain mail        |       |     1 |     6 |       ||     7
         Plate armour      |       |       |   121 |   234 ||   355
  Dodge: Dodged            |    32 |    71 |   104 |   153 ||   360
  Block: Buckler           |    15 |    38 |    43 |    28 ||   124
         Kite shield       |       |       |       |   180 ||   180

Table legend: (Time is in decaauts)
 A = Elapsed time spent in this place.
 B = Non-inter-level travel time spent in this place.
 C = Inter-level travel time spent in this place.
 D = Time resting spent in this place.
 E = Time spent auto-exploring this place.
 F = Levels seen in this place.
 G = Mean time per level.
                   A        B        C        D        E       F      G
               +--------+--------+--------+--------+--------+-----+--------+
         Total |  11884 |  11209 |    675 |    800 |   7390 |  13 |  914.2 |
       Dungeon |  10692 |  10042 |    650 |    596 |   6777 |  11 |  972.0 |
        Temple |    222 |    198 |     24 |      0 |    194 |   1 |  222.0 |
         Sewer |    969 |    969 |      0 |    204 |    419 |   1 |  969.0 |
               +--------+--------+--------+--------+--------+-----+--------+

Top non-repeatable levels by time:
     D:9: 1580 daAuts
     D:2: 1528 daAuts
     D:3: 1176 daAuts
   Sewer: 969 daAuts
     D:6: 882 daAuts
     D:8: 877 daAuts
    D:10: 845 daAuts
     D:1: 837 daAuts
     D:5: 798 daAuts
     D:7: 793 daAuts
     D:4: 721 daAuts
    D:11: 650 daAuts
  Temple: 222 daAuts
